 Dungeon Crawl Stone Soup version 0.28.0-45-g0d030f2227 (webtiles) character file.

Game seed: 12701894234886510017

374 rukichi the Skirmisher (level 6, 0/57 HPs)
             Began as a Minotaur Monk on Apr 1, 2022.
             Slain by an orc wizard
             ... wielding a +0 dagger
              (4 damage)
             ... on level 4 of the Dungeon on Apr 2, 2022.
             The game lasted 00:39:35 (5067 turns).

rukichi the Skirmisher (Minotaur Monk)              Turns: 5067, Time: 00:39:35

Health: 0/57       AC:  2    Str: 17    XL:     6   Next: 43%
Magic:  5/5        EV: 13    Int:  7    God:
Gold:   130        SH:  0    Dex: 13    Spells: 5/5 levels left

rFire   . . .      SeeInvis .   a - +0 mace
rCold   . . .      Faith    .   (no shield)
rNeg    . . .      Spirit   .   b - +0 robe
rPois   .          Reflect  .   (helmet restricted)
rElec   .          Harm     .   (no cloak)
rCorr   .          Rampage  .   (no gloves)
Will    .....                   (no boots)
Stlth   ++........              (no amulet)
HPRegen 0.19/turn               (no ring)
MPRegen 0.09/turn               (no ring)

@: no status effects
A: horns 2, retaliatory headbutt
a: no special abilities


You were on level 4 of the Dungeon.
You visited 1 branch of the dungeon, and saw 4 of its levels.

You collected 130 gold pieces.

Inventory:

Hand Weapons
 a - a +0 mace (weapon)
 c - a +0 mace
 m - a +0 dagger
Missiles
 e - 76 stones (quivered)
 k - 5 atropa-tipped darts
 r - 38 arrows
 s - 18 bolts
 t - 2 boomerangs
Armour
 b - a +0 robe (worn)
Jewellery
 v - an amulet of guardian spirit
Scrolls
 d - 3 scrolls of immolation
 f - 2 scrolls of enchant armour {unknown}
 g - 5 scrolls of teleportation {unknown}
 i - a scroll of enchant weapon {unknown}
 j - 2 scrolls of fog {unknown}
 o - a scroll of fear {unknown}
 u - a scroll of brand weapon {unknown}
Potions
 h - 6 potions of curing {unknown}
 l - a potion of might {unknown}
 n - a potion of attraction {unknown}
 p - 3 potions of mutation {unknown}
 q - a potion of magic {unknown}
 w - a potion of heal wounds {unknown}


   Skills:
 * Level 6.0 Fighting
 * Level 5.6 Maces & Flails
 + Level 4.4 Dodging
 + Level 2.8 Stealth


You had 5 spell levels left.
You didn't know any spells.
Your spell library contained the following spells:

 Spells                   Type           Power      Damage    Failure   Level
 Corpse Rot               Necr/Air       0%         N/A       56%         2
 Ozocubu's Armour         Ice            0%         N/A       80%         3
 Dispel Undead            Necr           0%         3d6       99%         4
 Death Channel            Necr           0%         N/A       100%        6
 Ozocubu's Refrigeration  Ice            0%         4d5       100%        7


Dungeon Overview and Level Annotations

Branches:
Dungeon (4/15)
 Temple: D:4-7

Altars:

Shops:
D:4 (


Innate Abilities, Weirdness & Mutations

You have a pair of horns on your head.
You reflexively headbutt those who attack you in melee.


Message History

Your headbutt misses the orc wizard. Your punch misses the orc wizard.
The orc wizard hits you with a +0 dagger.
The orc wizard gestures at you while chanting.
You resist with some effort. Natasha casts a spell at you.
The magic dart hits you. The orc wizard casts a spell at you.
The magic dart hits you!
The orc wizard points at you and mumbles some strange words.
The magic dart hits you!
Natasha howls an incantation.
Natasha shimmers violently.
Natasha barely misses you. You furiously retaliate!
You headbutt Natasha! The orc wizard casts a spell at you.
The magic dart hits you!
* * * LOW HITPOINT WARNING * * *
The orc wizard casts a spell.
The orc wizard flickers and vanishes!
Deactivating autopickup; reactivate with Ctrl-A.
Natasha claws you but does no damage.
The endoplasm quivers.
You hit Natasha but do no damage.
Natasha is severely wounded.
Natasha stares at you and mumbles some strange words.
You resist with some effort.
You hit Natasha. Your headbutt misses Natasha.
Natasha is almost dead.
Natasha casts a spell at you. The magic dart hits you!
* * * LOW HITPOINT WARNING * * *
You hit Natasha.
You kill Natasha!
Natasha growls in agony!
The endoplasm hits you.
* * * LOW HITPOINT WARNING * * *
There is a stone staircase leading up here.
You can't go down here!
You can't go down here!
Something hits you.
You die...

...............##.5..............
......##........#...........#....
#.....####.....##.#<.####.##.....
......# #......##.#.<###..##.....
......# #........................
......# ##..###.............)....
.....#####..#.#.##.........##....
.#............#J####......##....#
..........##....@####.........###
...........##....o..####......###
.........###.....#...###........[
...........#.....##..#....##.###.
.....#.......#..###......##......
#..###.......##.###..#.........#.
#### #.......#####...#..##...#.##
#.....### #...........##..#
##....# ##..........##oh.


You could see an orc and an endoplasm.

Vanquished Creatures
  A phantom (D:4)
  A hound (D:4)
  Natasha (D:4)
  4 river rats (D:3)
  10 adders
  An ufetubus (D:4)
  An adder skeleton (D:4)
  5 worms
  2 dart slugs (D:1)
  12 ball pythons
  4 endoplasms
  2 giant cockroaches (D:2)
  10 goblins
  10 hobgoblins
  4 quokkas
  6 bats
  5 frilled lizards
  7 kobolds
  6 rats
92 creatures vanquished.

Notes
Turn   | Place    | Note
-------+----------+-------------------------------------------
     0 | D:1      | rukichi the Minotaur Monk began the quest for the Orb.
     0 | D:1      | Reached XP level 1. HP: 19/19 MP: 0/0
   455 | D:1      | Found a faded altar of an unknown god.
   594 | D:1      | Reached XP level 2. HP: 26/27 MP: 1/1
   600 | D:1      | Reached skill level 4 in Fighting
  1005 | D:1      | Reached XP level 3. HP: 30/34 MP: 2/2
  1859 | D:2      | Reached XP level 4. HP: 35/41 MP: 3/3
  2514 | D:3      | You fall into a shaft and drop 1 floor!
  2537 | D:4      | Noticed a phantom
  2564 | D:3      | Reached skill level 5 in Fighting
  3121 | D:3      | Reached XP level 5. HP: 34/48 MP: 4/4
  3571 | D:3      | Reached skill level 5 in Maces & Flails
  4404 | D:4      | Killed a phantom
  4405 | D:4      | Reached XP level 6. HP: 15/57 MP: 5/5
  4844 | D:4      | Found Uptyusej's Weapon Emporium.
  4850 | D:4      | Noticed Natasha
  5037 | D:4      | Reached skill level 6 in Fighting
  5065 | D:4      | Killed Natasha
  5067 | D:4      | Slain by an orc wizard

Illustrated notes

Levels and vault maps discovered:
D:1:      ncdulo_smallfort, layout_basic, ebering_ecumenical_altar_hall
D:2:      layout_rooms, minmay_snake_closets
D:3:      layout_basic, lightli_sewer_entry_pipes
D:4:      layout_cave_pools, minmay_shop_grid_forest, uniq_natasha

Skill      XL: |  1  2  3  4  5  6 |
---------------+-------------------+-----
Fighting       | 4 5 6 |  6.0
Maces & Flails | 4 5 |  5.6
Stealth        | 2 |  2.8
Dodging        | 4 |  4.4

Action                   |  1- 3 |  4- 6 || total
-------------------------+-------+-------++-------
Melee: Mace              |    84 |   161 ||   245
       Headbutt          |    13 |    25 ||    38
       Punch             |     1 |     3 ||     4
Throw: Stone             |       |     1 ||     1
  Use: Scroll            |     1 |       ||     1
 Stab: Sleeping          |     2 |     2 ||     4
       Distracted        |       |     1 ||     1
Armor: Robe              |    15 |    18 ||    33
Dodge: Dodged            |    50 |    95 ||   145
